 Dungeon Crawl Stone Soup version 0.30-a0-867-g305f33218d (webtiles) character file.

Game seed: 16929864924856429995

81 Pimp the Firebug (level 4, -1/27 HPs)
             Began as an Octopode Fire Elementalist on Mar 10, 2023.
             Shot with a sling bullet by a goblin (3 damage)
             ... on level 2 of the Dungeon.
             The game lasted 00:03:54 (1032 turns).

Pimp the Firebug (Octopode Fire Elementalist)       Turns: 1032, Time: 00:03:55

Health: -1/27      AC:  1    Str:  7    XL:     4   Next: 40%
Magic:  7/7        EV: 13    Int: 19    God:
Gold:   76         SH:  0    Dex: 12    Spells: 3/7 levels left

rFire   . . .      SeeInvis .    b - +2 dagger (venom)
rCold   . . .      Faith    .    (no shield)
rNeg    . . .      Spirit   .    (helmet restricted)
rPois   .          Reflect  .    (no amulet)
rElec   .          Rampage  .    (no ring)
rCorr   .                        (no ring)
Will    .....                    (no ring)
Stlth   +++                      (no ring)
HPRegen 0.24/turn                (no ring)
MPRegen 0.10/turn                (no ring)
                                 (no ring)
                                 (no ring)

@: no status effects
A: almost no armour, amphibious, 8 rings, camouflage 1, gelatinous body 1,
(nimble swimmer 1), tentacles
a: no special abilities


You were on level 2 of the Dungeon.
You visited 1 branch of the dungeon, and saw 2 of its levels.

You collected 76 gold pieces.

Inventory:

Hand Weapons
 b - a +2 dagger of venom (weapon)
Jewellery
 i - an amulet of magic regeneration
Scrolls
 c - a scroll of acquirement {unknown}
 h - a scroll of identify {unknown}
 j - a scroll of poison {unknown}
Potions
 a - a potion of magic
 e - a potion of curing {unknown}
 f - a potion of brilliance
 g - a potion of attraction {unknown}
 k - a potion of might {unknown}
 l - a potion of heal wounds {unknown}


   Skills:
 + Level 2.4 Dodging
 + Level 3.5 Stealth
 + Level 1.1 Unarmed Combat
 + Level 2.3 Spellcasting
 + Level 1.7 Conjurations
 * Level 3.7 Fire Magic


You had 3 spell levels left.
You knew the following spells:

 Your Spells              Type           Power      Damage    Failure   Level
a - Foxfire               Conj/Fire      48%        2x1d6     5%          1
b - Inner Flame           Hex/Fire       9%         N/A       22%         3

Your spell library contained the following spells:

 Spells                   Type           Power      Damage    Failure   Level
 Scorch                   Fire           32%        2d7       5%          2
 Kindle Blastsparks       Fire/Tloc/Air  12%        2d11      28%         3
 Flame Wave               Conj/Fire      12%        2d6       45%         4


Dungeon Overview and Level Annotations

Branches:
Dungeon (2/15)

Altars:


Innate Abilities, Weirdness & Mutations

You cannot wear most types of armour.
You are amphibious.
You can wear up to eight rings at the same time.
Your skin changes colour to match your surroundings (Stealth+).
Your rubbery body absorbs attacks. (AC +1, EV +1)
((You are camouflaged when in or above water. (Stealth+)))
You have tentacles for arms and can constrict up to eight enemies at once.


Message History

* * * LOW HITPOINT WARNING * * *
It was a potion of brilliance.
You feel clever all of a sudden. The ball python closely misses you.
The ball python constricts you.
* * * LOW HITPOINT WARNING * * *
It was a potion of cancellation.
Your magical effects are unravelling.
You feel magically purged.
You feel a little less clever now. The ball python bites you.
* * * LOW HITPOINT WARNING * * *
The ball python constricts you.
* * * LOW HITPOINT WARNING * * *
The howler monkey hoots and howls with incredible vigour!
You hear a shout! x3
You hit the ball python.
The ball python is poisoned.
You grab the ball python.
The ball python is almost dead.
You constrict the ball python, but do no damage.
You kill the ball python!
You hit the howler monkey.
The howler monkey is poisoned.
You grab the howler monkey.
The howler monkey is moderately wounded.
You constrict the howler monkey.
The howler monkey hoots and howls with incredible vigour!
You hear a shout!
You hit the howler monkey.
The howler monkey looks even sicker.
You squeeze the howler monkey.
The howler monkey is almost dead.
You constrict the howler monkey. The howler monkey hits you.
* * * LOW HITPOINT WARNING * * *
You hit the howler monkey.
You kill the howler monkey!
Your Unarmed Combat skill increases to level 1!
You have reached level 4!
You hit the rat.
You kill the rat!
A goblin comes into view. It is wielding a +0 club.
The goblin unwields a +0 club.
The goblin wields a +0 sling.
The goblin shoots a sling bullet.
The sling bullet hits you.
You die...

..#.....#
.......#
..###.#.#.#.#
....g.......#
#####.#.#####
#.......#
#.###)###
#.......#
#.####.@###
#.......#
##..##.## #.
#.# #
#.#############
#.....†.......#
#############.#
#.# #.#


You could see a goblin.

Vanquished Creatures
  A howler monkey (D:2)
  An adder (D:2)
  A worm (D:2)
  A dart slug (D:1)
  2 bats (D:2)
  4 endoplasms (D:1)
  2 goblins
  3 jackals (D:1)
  A quokka (D:2)
  3 ball pythons
  3 frilled lizards
  4 kobolds
  2 rats (D:2)
28 creatures vanquished.

Vanquished Creatures (others)
  16 foxfires
16 creatures vanquished.

Grand Total: 44 creatures vanquished

Notes
Turn   | Place    | Note
-------+----------+-------------------------------------------
     0 | D:1      | Pimp the Octopode Fire Elementalist began the quest for the
                  | Orb.
     0 | D:1      | Reached XP level 1. HP: 11/11 MP: 3/3
   204 | D:1      | Reached XP level 2. HP: 17/17 MP: 5/5
   229 | D:1      | Found a faded altar of an unknown god.
   852 | D:2      | Reached XP level 3. HP: 18/21 MP: 3/6
   856 | D:2      | Learned a level 3 spell: Inner Flame
  1026 | D:2      | HP: 1/21 [constriction (1)]
  1031 | D:2      | Reached skill level 1 in Unarmed Combat
  1031 | D:2      | Reached XP level 4. HP: 1/27 MP: 7/7
  1032 | D:2      | Shot with a sling bullet by a goblin

Illustrated notes

Levels and vault maps discovered:
D:1:      dpeg_arrival_arbitrary_c, layout_loops_cross,
          ebering_ecumenical_altar_petrified
D:2:      kennysheep_the_goblin_king, layout_basic, uniq_terence, uniq_robin

Skill      XL: |  1  2  3 |
---------------+----------+-----
Stealth        | 3 |  3.5
Unarmed Combat | 1 |  1.1
Dodging        | |  2.4
Spellcasting   | |  2.3
Conjurations   | |  1.7
Fire Magic     | |  3.7

Action                     |  1- 3 |  4- 6 || total
---------------------------+-------+-------++-------
  Melee: Dagger            |    38 |     1 ||    39
         Constrict         |    10 |       ||    10
         Tentacles         |     7 |       ||     7
   Cast: Foxfire           |    11 |       ||    11
    Use: Potion            |     2 |       ||     2
   Stab: Sleeping          |     5 |       ||     5
 Armour: Skin              |     5 |       ||     5
  Dodge: Dodged            |    20 |       ||    20

Table legend: (Time is in decaauts)
 A = Elapsed time spent in this place.
 B = Non-inter-level travel time spent in this place.
 C = Inter-level travel time spent in this place.
 D = Time resting spent in this place.
 E = Time spent auto-exploring this place.
 F = Levels seen in this place.
 G = Mean time per level.
                   A        B        C        D        E       F      G
               +--------+--------+--------+--------+--------+-----+--------+
         Total |   1031 |    986 |     45 |    138 |    633 |   2 |  515.5 |
       Dungeon |   1031 |    986 |     45 |    138 |    633 |   2 |  515.5 |
               +--------+--------+--------+--------+--------+-----+--------+

Top non-repeatable levels by time:
     D:1: 659 daAuts
     D:2: 371 daAuts
